[Event "Live Chess"]
[Site "Chess.com"]
[Date "2023.05.20"]
[Round "-"]
[White "Delacorta"]
[Black "Shepherds_Pie"]
[Result "0-1"]
[WhiteElo "1423"]
[BlackElo "1907"]
[TimeControl "300"]
[EndTime "13:26:20 PDT"]
[Termination "Shepherds_Pie won by checkmate"]

1. d4 d5 2. Nf3 Nf6 3. e3 g6 4.
h3 Bg7 5. Nc3 O-O 6. b3 b6 7.
Bb2 c5 8. g4 Bb7 9. g5 Nh5 10.
Be2 Nd7 11. O-O e5 12. Nxe5 Nxe5 13. dxe5 Bxe5 14. Bxh5 gxh5 15. Qxh5 Qd6 16. Nb5 Qe7 17. Bxe5 Qxe5 18. a4 a6 19. Na3 Rae8 20. c4 d4 21.
exd4 cxd4 22. Rae1 Qf4 23. Rd1 Qe4 24. f3 Qe3+ 25.
Kh1 Qf4 26. Nc2 Re2 27. Nxd4 Qh2# 0-1

[Event "Live Chess"]
[Site "Chess.com"]
[Date "2023.05.20"]
[Round "-"]
[White "Bob2pen"]
[Black "tehanu"]
[Result "1-0"]
[WhiteElo "1836"]
[BlackElo "1155"]
[TimeControl "300"]
[EndTime "13:26:27 PDT"]
[Termination "Bob2pen won on time"]

1. e4 Nf6 2. Nc3 d5 3. e5 d4 4. exf6 dxc3 5. fxg7 cxd2+ 6. Qxd2 Qxd2+ 7. Bxd2 Bxg7 8.
O-O-O O-O 9. Nf3 Nc6 10. Bc4 Ne5 11. Nxe5 Bxe5 12. Rhe1 Bd6 13. Bh6 Re8 14. g3 Bg4 15.
Rd4 Bh5 16. h4 e5 17. Rd5 Bf3 18. Rd3 e4 19. Rb3 Rad8 20. Rb5 Re5 21. c3 a6 22. Rxe5 Bxe5 23. Be2 Bxe2 24. Rxe2 f5 25. Rd2 Rxd2 26. Kxd2 Kf7 27. b3 b5 28. c4 b4 29. Ke3 c5 30.
Bg5 Ke6 31. Bh6 Bd4+ 32. Ke2 Be5 33. Bf8 Bd4 34. f3 exf3+ 35. Kxf3 a5 36. g4 Kf7 37. Bd6 fxg4+ 38. Kxg4 Ke6 39. Bc7 Kf6 40. Bxa5 Be5 41. Bd8+ 1-0

[Event "Live Chess"]
[Site "Chess.com"]
[Date "2023.05.20"]
[Round "-"]
[White "LiamClery2020"]
[Black "Reggie016"]
[Result "1-0"]
[WhiteElo "2081"]
[BlackElo "1069"]
[TimeControl "300"]
[EndTime "13:26:34 PDT"]
[Termination "LiamClery2020 won by checkmate"]

1. e4 e6 2. d4 d5 3. Nd2 dxe4 4. Nxe4 Nf6 5. Nxf6+ gxf6 6. Nf3 b6 7. c3 Bb7 8. Bd3 Nd7 9. Qe2 Qe7 10. Be4 Bxe4 11.
Qxe4 O-O-O 12. Qa8+ Nb8 13. Qxa7 e5 14. O-O exd4 15. Nxd4 Rg8 16. Qxb8+ Kxb8 17. Nc6+ Kb7 18. Nxe7 Bxe7 19. Be3 h5 20. Rfe1 Bd6 21. g3 h4 22.
Kg2 Rh8 23. Bd4 h3+ 24. Kg1 Rh6 25. Re3 Bc5 26. Rd1 Rh5 27. Rf3 Bxd4 28. cxd4 Rb5 29.
b3 f5 30. Kf1 c5 31. Rxf5 Ra5 32. Rxf7+ Ka6 33. a4 cxd4 34. Rc1 d3 35. Rcc7 Ra8 36.
Rfd7 b5 37. Rc6# 1-0

[Event "Live Chess"]
[Site "Chess.com"]
[Date "2023.05.20"]
[Round "-"]
[White "f4nomore"]
[Black "OSmith06"]
[Result "0-1"]
[WhiteElo "1379"]
[BlackElo "1651"]
[TimeControl "300"]
[EndTime "13:26:37 PDT"]
[Termination "OSmith06 won by resignation"]

1. d4 Nf6 2. Bg5 e6 3. Bxf6 Qxf6 4. c3 d5 5. Nf3 c5 6. e3 Nc6 7. Bb5 Bd7 8. Bxc6 Bxc6 9. O-O Be7 10. Ne5 O-O 11.
Nxc6 bxc6 12. Nd2 cxd4 13. cxd4 c5 14. Nf3 cxd4 15. Nxd4 Bc5 16. b3 Bxd4 17. Qxd4 Qxd4 18. exd4 Rfc8 19. Rac1 Kf8 20. Rc5 Rxc5 21. dxc5 a5 22. Rc1 Ke7 23. f3 Kd7 24. Kf2 Kc6 25. Ke3 Rc8 26. Kd4 Kb5 27. Ke5 Rxc5 28. Rxc5+ Kxc5 29. g3 Kc6 30. Kd4 f6 31. f4 h5 32. a3 g5 33.
fxg5 fxg5 34. b4 axb4 35. axb4 h4 36. gxh4 gxh4 37. h3 Kb5 38. Kc3 e5 39. Kb3 d4 40.
Kc2 Kxb4 41. Kd3 Kb3 42. Ke4 Kc3 0-1

[Event "Live Chess"]
[Site "Chess.com"]
[Date "2023.05.20"]
[Round "-"]
[White "chessleanstrategist"]
[Black "Brooms1989"]
[Result "0-1"]
[WhiteElo "397"]
[BlackElo "1018"]
[TimeControl "300"]
[EndTime "13:26:42 PDT"]
[Termination "Brooms1989 won by resignation"]

1. c4 e5 2. g3 Nf6 3. Bg2 Nc6 4. Nf3 e4 5. Ng1 d5 6. cxd5 Qxd5 7. b3 Bc5 8. Nc3 Qe6 9. e3 O-O 10. Nge2 Ne7 11. O-O Ng6 12. Nf4 Nxf4 13. gxf4 Bb4 14. Ne2 Nd5 15. d4 exd3 16. Qxd3 c6 17. Nd4 Qh6 18.
Nf5 Bxf5 19. Qxf5 Rad8 20. Bxd5 Rxd5 21. Qg4 Rd6 22. Bb2 Rg6 23. Qxg6 Qxg6+ 24. Kh1 Rd8 25. Rg1 Qe4+ 26. Rg2 Rd2 27. Kg1 f6 28.
Bd4 c5 29. f3 Qxf3 30. Rxd2 Bxd2 31. Rf1 Bxe3+ 32. Bxe3 Qxe3+ 33. Rf2 Kf7 34. Kg2 Qe4+ 35. Rf3 Kg6 36. h4 Kh5 37. Kg3 g5 38. hxg5 fxg5 39.
fxg5 Qe5+ 40. Rf4 Kxg5 41. Kf3 Qxf4+ 0-1

[Event "Live Chess"]
[Site "Chess.com"]
[Date "2023.05.20"]
[Round "-"]
[White "booktrunk"]
[Black "rmethornhill"]
[Result "0-1"]
[WhiteElo "1275"]
[BlackElo "1186"]
[TimeControl "300"]
[EndTime "13:26:50 PDT"]
[Termination "rmethornhill won by resignation"]

1. d4 Nf6 2. Nf3 e6 3. h3 h5 4.
Bg5 Nc6 5. e3 d5 6. Bb5 Bd7 7. Ne5 Be7 8. Nxd7 Qxd7 9. Nc3 a6 10.
Ba4 b5 11. Bb3 Na5 12. a4 Nxb3 13. cxb3 b4 14. Ne2 a5 15. O-O Ne4 16. Bxe7 Qxe7 17. f3 Nf6 18. Qd3 g5 19. Rac1 g4 20. h4 gxf3 21.
Rxf3 Rg8 22. Qb5+ Kd8 23. Rg3 Rxg3 24. Nxg3 Ng4 25. Qc6 Rc8 26. Qc2 Qxh4 27. Nh1 Qh2+ 28. Kf1 Nxe3+ 29. Kf2 Nxc2 30. Rxc2 Qxh1 31. Kg3 Qe1+ 32.
Kh3 Kd7 33. Kh2 Rg8 34. Kh3 Qe4 35. Kh2 Qxc2 0-1

[Event "Live Chess"]
[Site "Chess.com"]
[Date "2023.05.20"]
[Round "-"]
[White "tuppyglossop"]
[Black "1PRK1"]
[Result "1-0"]
[WhiteElo "1609"]
[BlackElo "1380"]
[TimeControl "300"]
[EndTime "13:27:04 PDT"]
[Termination "tuppyglossop won by resignation"]

1. e4 c5 2. Nf3 d6 3. d4 cxd4 4.
Nxd4 a6 5. Bc4 Nf6 6. Nc3 b5 7. Bb3 e6 8. O-O b4 9. Na4 Nxe4 10. Qf3 Bb7 11. Bxe6 fxe6 12. Nxe6 Qe7 13. Qg4 Nf6 14.
Qe2 Kf7 15. Ng5+ Kg8 16. Qc4+ Bd5 17. Qc8 Nbd7 18. Qc7 Ne8 19. Qa5 Qxg5 20. Bxg5 1-0

[Event "Live Chess"]
[Site "Chess.com"]
[Date "2023.05.20"]
[Round "-"]
[White "gregor1903"]
[Black "LiamBellwood"]
[Result "0-1"]
[WhiteElo "1567"]
[BlackElo "2057"]
[TimeControl "300"]
[EndTime "13:27:11 PDT"]
[Termination "LiamBellwood won by checkmate"]

1. e4 e6 2. d4 d5 3. e5 c5 4. Nf3 Nc6 5. Bd3 cxd4 6. O-O Bc5 7. Re1 Nge7 8. Nbd2 Bd7 9. a3 a5 10. Nb3 Bb6 11. Bf1 Nf5 12. Bd3 Nh4 13. Bf1 Nxf3+ 14. Qxf3 O-O 15. Qg3 f6 16. Bh6 Rf7 17. exf6 Qxf6 18.
Bg5 Qg6 19. Bd3 Qh5 20. Nd2 e5 21. Rxe5 Bc7 22. Nf3 Nxe5 23. Nxe5 Re8 24. Re1 Bxe5 25. Rxe5 Qd1+ 26. Bf1 Rxe5 27. Qxe5 Bb5 28. Qb8+ Rf8 29. c4 Bxc4 30. Qxb7 Qxf1# 0-1

[Event "Live Chess"]
[Site "Chess.com"]
[Date "2023.05.20"]
[Round "-"]
[White "Pablo_dmp"]
[Black "Enhard"]
[Result "1-0"]
[WhiteElo "1885"]
[BlackElo "1464"]
[TimeControl "300"]
[EndTime "13:27:13 PDT"]
[Termination "Pablo_dmp won by checkmate"]

1. e4 c6 2. d4 d5 3. e5 Bf5 4. h4 h5 5. Bg5 Qd7 6. c4 e6 7. Nc3 Be7 8. Rc1 dxc4 9. Bxc4 Bb4 10. Nf3 Ne7 11. Qb3 Bxc3+ 12. bxc3 Nd5 13. Bxd5 exd5 14. O-O O-O 15. Nh2 Na6 16. Qd1 g6 17. Bf6 Nc7 18. Qd2 Ne8 19. Qh6 Nxf6 20. exf6 g5 21. Qg7# 1-0

[Event "Live Chess"]
[Site "Chess.com"]
[Date "2023.05.20"]
[Round "-"]
[White "Man-Del-Brot"]
[Black "Pandreq"]
[Result "1-0"]
[WhiteElo "1115"]
[BlackElo "1270"]
[TimeControl "300"]
[EndTime "13:27:24 PDT"]
[Termination "Man-Del-Brot won by checkmate"]

1. d4 d5 2. Nf3 c6 3. Bf4 Nf6 4. e3 Bf5 5. Bd3 Bxd3 6. Qxd3 Na6 7. a3 e6 8. b4 b6 9. O-O Bd6 10. Ne5 Bxe5 11. dxe5 Ne4 12. f3 Ng5 13. Bg3 Nc7 14. Bh4 f6 15. f4 Ne4 16. exf6 Nxf6 17. Nc3 O-O 18. Ne2 Nce8 19. Rf3 c5 20. bxc5 bxc5 21.
c3 c4 22. Qc2 Qb6 23. Nd4 Ne4 24. Rb1 Qd6 25. f5 N8f6 26. Nxe6 Rfe8 27. Nd4 Qxa3 28. Bxf6 Nxf6 29. Nb5 Qc5 30. Nd4 Ne4 31. Rb5 Qa3 32. Rxd5 Nxc3 33. Ne6 Rab8 34. e4 Rb2 35. Qxc3 Qa1+ 36.
Rf1 Qa2 37. Qxg7# 1-0

[Event "Live Chess"]
[Site "Chess.com"]
[Date "2023.05.20"]
[Round "-"]
[White "VovaOvchar1990"]
[Black "ChessTWSS"]
[Result "0-1"]
[WhiteElo "1212"]
[BlackElo "1682"]
[TimeControl "300"]
[EndTime "13:27:39 PDT"]
[Termination "ChessTWSS won by checkmate"]

1. e4 c5 2. Bc4 Nc6 3. Qh5 e6 4. Nf3 g6 5. Qh3 Bg7 6. d3 d5 7. exd5 exd5 8. Qxh7 Rxh7 9. Bxd5 Qxd5 10. Ng5 Qxg2 11. Nxh7 Qxh1+ 12. Ke2 Nd4+ 13. Ke3 Qe1+ 14. Kf4 Qe5# 0-1

[Event "Live Chess"]
[Site "Chess.com"]
[Date "2023.05.20"]
[Round "-"]
[White "ameetghasi100"]
[Black "Tilbs_12"]
[Result "1-0"]
[WhiteElo "2686"]
[BlackElo "1545"]
[TimeControl "300"]
[EndTime "13:27:45 PDT"]
[Termination "ameetghasi100 won by resignation"]

1. d4 d5 2. c4 c6 3. Nc3 Nf6 4. e3 Bf5 5. Nf3 e6 6. b3 Bb4 7. Bd2 O-O 8. a3 Bd6 9. Be2 Nbd7 10. h3 Bg6 11. g4 Ne4 12. h4 Nxc3 13. Bxc3 Be4 14. Rh3 Nf6 15. g5 Nd7 16. Bd3 f5 17. Qe2 Qe7 18. b4 a5 19. c5 Bc7 20. b5 cxb5 21. Bxb5 Nb8 22. Ne5 Bxe5 23. dxe5 Nc6 24. Bd4 Qc7 25. Bxc6 bxc6 26. f3 Bxf3 27. Rxf3 Rfb8 28. Rf1 Rb3 29. Kf2 a4 30. Rfc1 Rab8 31. Rc2 Qa5 32. Qd2 Qb5 33. Qe2 Qb7 34. Raa2 Qf7 35. Rc3 f4 36. e4 Qg6 37. exd5 exd5 38.
e6 Re8 39. e7 Qf7 40. Rxb3 axb3 41. Rb2 Rxe7 42. Qg4 Qg6 43. Re2 Rxe2+ 44. Qxe2 Qc2 45.
Qxc2 bxc2 46. Bb2 Kf7 47. Bc1 Ke6 48. Bxf4 d4 49. Ke2 Kd5 50. Kd3 Kxc5 51. Kxc2 Kc4 52.
Be5 d3+ 53. Kd2 g6 54. Bc3 c5 55. a4 Kb3 56. a5 1-0

[Event "Live Chess"]
[Site "Chess.com"]
[Date "2023.05.20"]
[Round "-"]
[White "smoggyrabbit"]
[Black "rideuv21"]
[Result "1-0"]
[WhiteElo "1680"]
[BlackElo "1813"]
[TimeControl "300"]
[EndTime "13:27:46 PDT"]
[Termination "smoggyrabbit won by resignation"]

1. d4 c5 2. d5 Nf6 3. Nc3 g6 4. e4 d6 5. Bc4 Bg7 6. Nf3 O-O 7. O-O Bg4 8. h3 Bxf3 9. Qxf3 Nbd7 10. Qe2 Ne5 11. f4 Nxc4 12. Qxc4 Rb8 13. a4 Nd7 14. a5 b6 15. axb6 axb6 16. Bd2 b5 17. Nxb5 Bxb2 18. Ra2 Nb6 19. Qe2 Bg7 20. Nc3 Ra8 21. Rfa1 Qd7 22. Rxa8 Rxa8 23. Rxa8+ Nxa8 24. Qa6 Nc7 25. Qb7 Qd8 26. Ne2 e6 27. Ba5 exd5 28. Bxc7 Qd7 29. e5 dxe5 30. fxe5 Bxe5 31. Qb8+ 1-0

[Event "Live Chess"]
[Site "Chess.com"]
[Date "2023.05.20"]
[Round "-"]
[White "Bot_Boy"]
[Black "JormaIbo"]
[Result "0-1"]
[WhiteElo "324"]
[BlackElo "446"]
[TimeControl "300"]
[EndTime "13:28:05 PDT"]
[Termination "JormaIbo won on time"]

1. e4 e5 2. Nf3 Nc6 3. Bc4 Bc5 4. Nc3 Nf6 5. O-O O-O 6. d3 d6 7. Bg5 Nd4 8. Nxd4 Bxd4 9. Bxf6 Qxf6 10. Qf3 Qxf3 11.
gxf3 Bh3 12. Rfe1 Rfe8 13. Nd1 c6 14. c3 Bc5 15. b4 Bb6 16. Ne3 a5 17. b5 a4 18.
bxc6 bxc6 19. Rab1 Ba5 20. Nd1 d5 21. exd5 cxd5 22.
Bxd5 Red8 23. Bxa8 Rxa8 24. Rxe5 f6 25. Rc5 Be6 26. c4 Bd2 27. Rcb5 Bf4 28. Rb6 Bd7 0-1

[Event "Live Chess"]
[Site "Chess.com"]
[Date "2023.05.20"]
[Round "-"]
[White "fretle"]
[Black "McSlash1"]
[Result "0-1"]
[WhiteElo "1856"]
[BlackElo "2049"]
[TimeControl "300"]
[EndTime "13:28:09 PDT"]
[Termination "McSlash1 won on time"]

1. f4 d5 2. Nf3 Nf6 3. e3 c5 4. b3 Nc6 5. Bb5 e6 6. Bxc6+ bxc6 7. Bb2 Be7 8. d3 Ng4 9. Qe2 Qb6 10. Bxg7 Rg8 11.
Bb2 d4 12. exd4 cxd4 13. Bxd4 Qa5+ 14. Nbd2 Bc5 15. h3 Nh6 16. Bxc5 Qxc5 17. Ne4 Qa5+ 18. b4 Qxb4+ 19. c3 Qb6 20. Nf6+ Kf8 21. Nxg8 Kxg8 22.
Nd4 Ba6 23. O-O c5 24. Nf3 c4+ 25. Kh1 Nf5 26. Kh2 cxd3 27. Qf2 Qc7 28. Ne5 Qxc3 29. Qf3 Qd4 30. Qxa8+ Kg7 31. Rad1 d2 32. Rf3 Be2 33. Qb7 Nd6 34. Rg3+ Kf6 35. Nd7+ Ke7 36. Qb3 Bxd1 37. Qxd1 Kxd7 38. Rg7 Qxf4+ 39. Kh1 Ne4 40. Qa4+ Ke7 41. Qb4+ Kf6 42. Rg4 Qf1+ 43. Kh2 d1=Q 0-1

[Event "Live Chess"]
[Site "Chess.com"]
[Date "2023.05.20"]
[Round "-"]
[White "toog"]
[Black "Conradical12"]
[Result "1-0"]
[WhiteElo "2616"]
[BlackElo "1580"]
[TimeControl "300"]
[EndTime "13:28:09 PDT"]
[Termination "toog won by resignation"]

1. e4 e5 2. Nf3 Nc6 3. Bc4 Nf6 4. Ng5 d5 5. exd5 Na5 6. Bb5+ c6 7. dxc6 bxc6 8.
Bd3 h6 9. Ne4 Nxe4 10. Bxe4 Qd4 11. d3 Bc5 12. O-O O-O 13. Be3 Qxb2 14. Bxc5 Qxa1 15.
Qd2 Rd8 16. Qxa5 Bd7 17. Qa3 Rab8 18. Nd2 Qb2 19. Nc4 Qxa3 20. Bxa3 g5 21. Nxe5 f5 22. Bxc6 Rbc8 23. Bxd7 Rc5 1-0

[Event "Live Chess"]
[Site "Chess.com"]
[Date "2023.05.20"]
[Round "-"]
[White "lightningorderyt"]
[Black "JohanKjeldahl"]
[Result "0-1"]
[WhiteElo "522"]
[BlackElo "1844"]
[TimeControl "300"]
[EndTime "13:28:18 PDT"]
[Termination "JohanKjeldahl won by resignation"]

1. e4 c5 2. Nf3 e6 3. Nc3 Nc6 4.
b3 a6 5. Ba3 Qc7 6. Bb5 axb5 7.
Nxb5 Qb6 8. Nd6+ Bxd6 9. O-O Rxa3 10. Re1 Nd4 11. e5 Be7 12. c3 Nxf3+ 13. gxf3 Qc6 14.
Rb1 b5 15. b4 cxb4 16. cxb4 Rxf3 17. Re3 Bb7 18. Rxf3 Qxf3 19. Qxf3 Bxf3 20. Rc1 Bc6 21. d4 f6 22. exf6 Nxf6 23. f4 Nd5 24. a4 O-O 25.
axb5 Bxb5 26. f5 Rxf5 0-1

[Event "Live Chess"]
[Site "Chess.com"]
[Date "2023.05.20"]
[Round "-"]
[White "Leonid_Starozhilov"]
[Black "ViktorTheCoolBoy"]
[Result "1-0"]
[WhiteElo "2642"]
[BlackElo "2497"]
[TimeControl "300"]
[EndTime "13:28:23 PDT"]
[Termination "Leonid_Starozhilov won by resignation"]

1. b3 c5 2. Bb2 Nc6 3. Nf3 d6 4. c4 e5 5. d3 Nf6 6. g3 Be7 7. Bg2 O-O 8. O-O h6 9. Nc3 Be6 10. e3 a6 11. d4 exd4 12. exd4 Bg4 13. dxc5 dxc5 14. h3 Qxd1 15. Raxd1 Bxf3 16. Bxf3 Nd4 17. Bxb7 Ra7 18. Bg2 a5 19. Nd5 Nxd5 20. Bxd5 Bf6 21. Rfe1 Nc2 22. Re2 Bxb2 23. Rxc2 Bd4 24. Kg2 Re7 25.
Rcd2 Rfe8 26. Bc6 Rc8 27. Bb5 Kf8 28. a3 g5 29. b4 axb4 30. axb4 Kg7 31. Rxd4 cxd4 32.
Rxd4 Re2 33. c5 Rb2 34. Bd7 Rc7 35. c6 Kf6 36. Kf3 Ke5 37. Re4+ Kd5 38. Re8 Rxb4 39. Rh8 Rxc6 40. Bxc6+ Kxc6 41. Rxh6+ Kd7 42. Rh5 f6 43. h4 gxh4 44. Rxh4 Rb3+ 45. Kg4 Ke6 46. Rh8 Kf7 47. f4 Kg7 48. Rc8 Rb5 49. Rc7+ Kg6 50. Kh4 Rb1 51. g4 Rh1+ 52. Kg3 Rg1+ 53. Kh3 Rh1+ 54. Kg2 Ra1 55. Rc6 Kg7 56. Kf3 Ra3+ 57. Ke4 Ra4+ 58. Kf5 Ra5+ 59. Ke6 Ra4 60. Rc7+ Kg8 61.
Kf5 Rb4 62. Kg6 Kf8 63. Rf7+ Kg8 64. Rxf6 Rb7 65. Ra6 Rg7+ 66. Kh5 Rh7+ 67. Rh6 Rb7 68. f5 Kg7 69. g5 Rb1 70. f6+ Kf7 71. Rh7+ Ke6 72.
Re7+ Kf5 73. Kh6 Rg1 74. f7 Rh1+ 75. Kg7 Kxg5 76. f8=Q 1-0

[Event "Live Chess"]
[Site "Chess.com"]
[Date "2023.05.20"]
[Round "-"]
[White "KeithArkell"]
[Black "chessfiction"]
[Result "1-0"]
[WhiteElo "2613"]
[BlackElo "2425"]
[TimeControl "300"]
[EndTime "13:28:31 PDT"]
[Termination "KeithArkell won by resignation"]

1. d4 Nf6 2. Nf3 d5 3. c4 c6 4.
Nc3 g6 5. Bg5 Bg7 6. Bxf6 Bxf6 7. e3 O-O 8. Qb3 dxc4 9. Bxc4 b5 10. Be2 a5 11. Ne4 Bg7 12. Rc1 Be6 13. Qc2 Na6 14. b3 a4 15. O-O Nb4 16. Qb1 Bf5 17. a3 Nd5 18. b4 e5 19. Nxe5 Bxe5 20. dxe5 Qh4 21. Bf3 Rfe8 22. g3 Qh3 23. Qb2 Bxe4 24. Bxe4 Qe6 25. Rfd1 Qxe5 26. Qxe5 Rxe5 27. Bxd5 Rxd5 28.
Rxd5 cxd5 29. Rc5 Rd8 30. Rxb5 d4 31. exd4 Rxd4 32. Ra5 f5 33. Rxa4 f4 34. gxf4 h5 35. Ra7 h4 36. Kg2 Rd3 37. h3 Kf8 38. b5 Rb3 39. a4 Rb4 40. Kf3 1-0

[Event "Live Chess"]
[Site "Chess.com"]
[Date "2023.05.20"]
[Round "-"]
[White "Missedidea"]
[Black "Singapourfeuj"]
[Result "0-1"]
[WhiteElo "1808"]
[BlackElo "2240"]
[TimeControl "300"]
[EndTime "13:28:34 PDT"]
[Termination "Singapourfeuj won on time"]

1. d4 Nf6 2. c4 g6 3. Nc3 Bg7 4.
e4 d6 5. Nf3 O-O 6. Be2 e5 7.
O-O Nc6 8. d5 Ne7 9. Ne1 Nd7 10.
Nd3 f5 11. b4 Nf6 12. f3 Rf7 13. c5 Bf8 14. Be3 f4 15. Bf2 g5 16. Rc1 h5 17. cxd6 cxd6 18. Nb5 Ne8 19. Qc2 Ng6 20. Nxa7 Bd7 21. b5 g4 22. b6 g3 23. hxg3 fxg3 24.
Bxg3 Qxb6+ 25. Bf2 Qd8 26. a4 Rg7 27. Nb5 Qg5 28. Ra1 h4 29. Qc1 Nf4 30. Nxf4 exf4 31. g4 hxg3 0-1

[Event "Live Chess"]
[Site "Chess.com"]
[Date "2023.05.20"]
[Round "-"]
[White "xx_blindpuffin_xx"]
[Black "Olisingapore"]
[Result "1-0"]
[WhiteElo "2194"]
[BlackElo "1878"]
[TimeControl "300"]
[EndTime "13:28:42 PDT"]
[Termination "xx_blindpuffin_xx won by checkmate"]

1. e4 c5 2. Nf3 d6 3. g3 Nc6 4. Bg2 g6 5. O-O Bg7 6. c3 e6 7. Re1 Nge7 8. d4 cxd4 9. cxd4 O-O 10. Nc3 Qb6 11. Ne2 Bd7 12. b3 Rac8 13. Be3 Nb4 14.
Rc1 Rxc1 15. Nxc1 Rc8 16. Re2 Qa6 17. Bf1 Bb5 18. Rb2 Bxf1 19. Qxf1 d5 20. Qxa6 bxa6 21. e5 Nf5 22. Bd2 Bh6 23. Bxb4 Bxc1 24. Rb1 Bh6 25. Bc5 Bf8 26. b4 Rb8 27. g4 Bxc5 28. dxc5 Ne7 29. Nd4 a5 30. b5 Rc8 31. c6 Kf8 32. a4 Ke8 33. Nb3 Rb8 34. Nxa5 Rb6 35. Nb7 Nxc6 36. Nd6+ Kd7 37. bxc6+ Kxc6 38. Rc1+ Kd7 39. Nxf7 Rb4 40. Ng5 h6 41. Nh7 Rxa4 42. Nf6+ Ke7 43. Rc7+ Kd8 44.
Rg7 g5 45. Rh7 d4 46. Rxh6 d3 47. Rh7 Rd4 48. Rb7 d2 49. Rb1 d1=Q+ 50. Rxd1 Rxd1+ 51. Kg2 a5 52. Ne4 Rd4 53. Kf3 a4 54. Nxg5 a3 55.
Nxe6+ Ke7 56. Nxd4 a2 57. Nc2 Ke6 58. Ke4 Kd7 59.
f4 Ke6 60. f5+ Ke7 61. g5 Kf7 62. h4 Ke7 63. h5 Kf7 64. f6 Ke6 65. g6 Kd7 66. Kf5 Ke8 67. g7 Kf7 68. e6+ Kg8 69. Kg6 a1=Q 70. f7# 1-0

[Event "Live Chess"]
[Site "Chess.com"]
[Date "2023.05.20"]
[Round "-"]
[White "KGreenGator"]
[Black "NatashaRegan"]
[Result "1-0"]
[WhiteElo "1790"]
[BlackElo "1783"]
[TimeControl "300"]
[EndTime "13:28:42 PDT"]
[Termination "KGreenGator won by checkmate"]

1. c4 e5 2. Nc3 Nc6 3. e3 f5 4. d4 e4 5. d5 Ne5 6. Qd4 d6 7. h3 Nf6 8. Qd2 Be7 9. b3 O-O 10. Bb2 c6 11. Be2 cxd5 12. Nxd5 Nxd5 13. Qxd5+ Be6 14.
Qxe6+ Kh8 15. Bxe5 dxe5 16. Qd5 Bb4+ 17. Kf1 Qf6 18.
Qb5 Bc3 19. Rc1 Bb2 20. Rc2 Ba3 21. b4 b6 22. Qa4 f4 23. Qxa3 f3 24. gxf3 exf3 25.
Bxf3 Rad8 26. Bg4 e4 27. Rh2 Rd3 28. Qc1 Qd6 29. Be2 Qxh2 30. Bxd3 exd3 31. Rd2 Qd6 32. Qc3 Rd8 33. a3 h6 34. Nf3 Qg6 35. Qe5 Rf8 36.
Nh4 Qf7 37. Qg3 g5 38. Qe5+ Kh7 39. Qe4+ Kg7 40. Ng2 Re8 41. Qxd3 Qf3 42. Qd7+ Kf8 43. Qd6+ Kf7 44. Qg3 Qe4 45. Rd7+ Kf6 46. Qd6+ Kf5 47. Rf7# 1-0

[Event "Live Chess"]
[Site "Chess.com"]
[Date "2023.05.20"]
[Round "-"]
[White "Tema1107"]
[Black "Hacker_2009"]
[Result "0-1"]
[WhiteElo "1971"]
[BlackElo "1918"]
[TimeControl "300"]
[EndTime "13:28:56 PDT"]
[Termination "Hacker_2009 won on time"]

1. c4 Nf6 2. Nc3 e6 3. e4 d6 4. d4 Be7 5. f3 O-O 6. Be3 b6 7. Nge2 Bb7 8. Qd2 c5 9. g4 cxd4 10. Nxd4 Nc6 11. Be2 Nxd4 12. Bxd4 Rc8 13. b3 d5 14. cxd5 exd5 15. e5 Ne8 16. O-O Nc7 17.
Rac1 Ne6 18. Nb5 a6 19. Rxc8 Bxc8 20. Nd6 Bxd6 21. exd6 Qxd6 22. Bf2 Bb7 23. Rc1 Qd7 24. Bxb6 Rc8 25. Rxc8+ Qxc8 26. Be3 h6 27. Kf2 Qc7 28.
Kg2 Qd6 29. Bd4 Nf4+ 30. Kg1 Qe6 31. Bf1 g5 32. Qa5 Qe7 33. Qb6 Ng6 34. Qf6 Qxf6 35. Bxf6 Nh4 36. Kf2 d4 37. f4 Ng6 38. fxg5 hxg5 39.
Bxd4 Nf4 40. Be3 Ne6 41. Bc4 Bc8 42. h3 Kg7 43. b4 Kf6 44. a4 Ke5 45. a5 f6 46. b5 axb5 47. Bxb5 Nc7 48. Bc6 Ba6 49. Kf3 Ne6 50. Ba7 Nf8 51. Bb8+ Kd4 52. Bd6 Ng6 53.
Kg3 Kc4 54. Be8 Kd5 55. Bxg6 Kxd6 56. Kf3 Ke5 57. Ke3 Bf1 58. Bd3 Bxh3 59. a6 Bg2 60. a7 Ba8 61. Be2 f5 62. Bf3 f4+ 63. Kf2 Bxf3 64.
Kxf3 Kd4 65. a8=Q Kd3 0-1

[Event "Live Chess"]
[Site "Chess.com"]
[Date "2023.05.20"]
[Round "-"]
[White "Tushinskiy"]
[Black "MalcolmPein"]
[Result "1-0"]
[WhiteElo "2106"]
[BlackElo "2250"]
[TimeControl "300"]
[EndTime "13:28:58 PDT"]
[Termination "Tushinskiy won on time"]

1. d4 Nf6 2. c3 d6 3. Nf3 Nbd7 4. Bf4 c5 5. Bg3 Qb6 6. Qc1 Ne4 7. Nbd2 Nxg3 8. hxg3 g6 9. e3 Bg7 10. Bd3 cxd4 11. exd4 O-O 12. Ng5 h6 13. Ngf3 e5 14. dxe5 dxe5 15. O-O Nc5 16. Bc2 Be6 17. Re1 Qc7 18.
Ne4 Rad8 19. Qe3 Nxe4 20. Bxe4 f5 21. Bc2 e4 22. Nh4 Qf7 23. f3 g5 24. fxe4 gxh4 25. exf5 Bxf5 26. Bb3 hxg3 27. Bxf7+ Rxf7 28. Qxg3 Rd2 29.
Re8+ Kh7 30. Rae1 Rd3 31. R8e3 Rd2 32. Re7 Rd3 33. Qxd3 Bxd3 34. Rxf7 Kg6 35. Rxg7+ Kxg7 36. Re7+ 1-0

[Event "Live Chess"]
[Site "Chess.com"]
[Date "2023.05.20"]
[Round "-"]
[White "ExIsambard"]
[Black "DmitryVasliev"]
[Result "1-0"]
[WhiteElo "1980"]
[BlackElo "1674"]
[TimeControl "300"]
[EndTime "13:29:05 PDT"]
[Termination "ExIsambard won on time"]

1. d4 d5 2. Nf3 c6 3. Bg5 h6 4. Bf4 g6 5. e3 Bg7 6. Bd3 e6 7. Nbd2 Ne7 8. Qe2 Nd7 9. O-O-O Qa5 10. Kb1 c5 11. c3 c4 12. Bc2 b5 13. Bd6 Nc6 14. e4 Kd8 15. exd5 exd5 16. Ne5 Ndxe5 17. Bxe5 f6 18. Bd6 Kd7 19. Bc5 f5 20. Nf3 Qc7 21. Ne5+ Nxe5 22. dxe5 Qxc5 23. e6+ Ke7 24.
g4 Rf8 25. gxf5 b4 26. Rhg1 g5 27. f4 bxc3 28. fxg5 hxg5 29. Rxg5 Bf6 30. Rg6 Rb8 31. b3 cxb3 32. Bxb3 c2+ 33. Qxc2 Qxc2+ 34. Kxc2 Bb7 35. Rh6 Rh8 36. Rxh8 Rxh8 37. Rh1 d4 38. Rd1 Rxh2+ 39. Kd3 Rf2 40. Rc1 Be5 41. Rc5 Rxf5 42. Kc4 Kf6 43. Rb5 Bg2 44. Ra5 Bf1+ 45. Kb4 d3 46. Rxa7 d2 47.
Rf7+ Kg5 48. Rd7 Bf6 49. Rxd2 1-0

[Event "Live Chess"]
[Site "Chess.com"]
[Date "2023.05.20"]
[Round "-"]
[White "wadsy27"]
[Black "blunderabit"]
[Result "1-0"]
[WhiteElo "2554"]
[BlackElo "1856"]
[TimeControl "300"]
[EndTime "13:29:12 PDT"]
[Termination "wadsy27 won by resignation"]

1. e4 c5 2. Nc3 Nc6 3. Bb5 Nd4 4. Bc4 a6 5. d3 b5 6. Bd5 Rb8 7. Nge2 Nf6 8. Be3 Nxd5 9. Nxd5 e6 10. Ndc3 Nxe2 11. Qxe2 b4 12. Na4 d6 13.
O-O Bd7 14. b3 Bxa4 15. bxa4 Be7 16. a3 a5 17. axb4 Rxb4 18. c3 Rb3 19. Qc2 Rb8 20.
Rfb1 O-O 21. Rxb8 Qxb8 22. Rb1 Qc7 23. c4 Bf6 24. Qb3 h6 25. Qb7 Rc8 26. Qxc7 Rxc7 27.
Bd2 Kh7 28. Rb5 Ra7 29. Rxa5 Rxa5 30. Bxa5 1-0

[Event "Live Chess"]
[Site "Chess.com"]
[Date "2023.05.20"]
[Round "-"]
[White "EdvancedChess"]
[Black "onemoretime1975"]
[Result "1-0"]
[WhiteElo "1891"]
[BlackElo "1853"]
[TimeControl "300"]
[EndTime "13:29:12 PDT"]
[Termination "EdvancedChess won by checkmate"]

1. e4 e6 2. Nf3 d5 3. exd5 exd5 4. d4 Nf6 5. Bd3 Bd6 6. c3 O-O 7. O-O Bg4 8. Bg5 Nbd7 9. Nbd2 c6 10. Qb3 Qc7 11.
Rfe1 Rae8 12. c4 Bf4 13. h3 dxc4 14. Bxc4 Rxe1+ 15. Rxe1 Bxf3 16. Nxf3 Nb6 17. Bxf6 gxf6 18. Bd3 Nd5 19. Bb1 Kg7 20. Qd3 Rh8 21. Nh4 Bh2+ 22. Kh1 Nf4 23. Qf3 Ng6 24. Nf5+ Kf8 25. g3 Bxg3 26. fxg3 h5 27. h4 Kg8 28. Re8+ Kh7 29. Qxh5# 1-0

[Event "Live Chess"]
[Site "Chess.com"]
[Date "2023.05.20"]
[Round "-"]
[White "Doge_Dandolo"]
[Black "anatoliy10912"]
[Result "1-0"]
[WhiteElo "2026"]
[BlackElo "1549"]
[TimeControl "300"]
[EndTime "13:29:20 PDT"]
[Termination "Doge_Dandolo won by resignation"]

1. Nf3 d5 2. c4 d4 3. b4 e5 4. c5 f6 5. e3 dxe3 6. fxe3 b6 7. Bb5+ c6 8. Bc4 bxc5 9. O-O Bg4 10. bxc5 Bxc5 11. Nc3 Ne7 12. Qb3 Bxf3 13. Rxf3 Nd7 14. Ne4 Rb8 15. Qc2 Nd5 16. Bxd5 Bxe3+ 17. dxe3 cxd5 18.
Nc5 Qc7 19. Ba3 Rb5 20. Qa4 Rxc5 21. Bxc5 Qxc5 22. Rb1 Ke7 23. Rb7 Rd8 24. Qxa7 Qc1+ 25. Rf1 Qc6 26. a4 Ke6 27. a5 Qc4 28. a6 Qa4 29.
Rc7 Kd6 30. Qb7 Nc5 31. Qb6+ 1-0